 Dungeon Crawl Stone Soup version 0.29.1-debian-4-g95531337e3 (webtiles) character file.

Game seed: 16523608473069924161

697 Dreamer the Shield-Bearer (level 7, -9/56 HPs)
             Began as a Formicid Fighter on Sept 13, 2022.
             Mangled by an ogre
             ... wielding a +0 giant club
              (21 damage)
             ... on level 5 of the Dungeon.
             The game lasted 00:09:25 (4252 turns).

Dreamer the Shield-Bearer (Formicid Fighter)        Turns: 4252, Time: 00:09:25

Health: -9/56      AC: 13    Str: 30    XL:     7   Next: 97%
Magic:  7/7        EV:  8    Int:  7    God:
Gold:   165        SH:  5    Dex:  8    Spells: 6/6 levels left

rFire   . . .      SeeInvis +   y - +0 battleaxe
rCold   . . .      Faith    .   c - +0 buckler
rNeg    . . .      Spirit   .   r - +0 chain mail "Ruejimm" {rElec rPois Str+7 Dex-5}
rPois   +          Reflect  .   (helmet unavailable)
rElec   +          Harm     .   (no cloak)
rCorr   +          Rampage  .   p - +2 pair of gloves
Will    .....                   (no boots)
Stlth   ..........              (no amulet)
HPRegen 0.18/turn               u - ring of resist corrosion
MPRegen 0.10/turn               (no ring)

@: no status effects
A: permanent stasis, dig shafts and tunnels, antennae 3, four strong arms
a: Dig, Shaft Self


You were on level 5 of the Dungeon.
You visited 1 branch of the dungeon, and saw 6 of its levels.

You collected 165 gold pieces.

Inventory:

Hand Weapons
 a - a +0 flail
 y - a +0 battleaxe (weapon)
Armour
 b - a +0 scale mail
 c - a +0 buckler (worn)
 p - a +2 pair of gloves (worn)
 r - the +0 chain mail "Ruejimm" (worn) {rElec rPois Str+7 Dex-5}
   (You found it on level 3 of the Dungeon)

   Str:       It affects your strength (+7).
   Dex:       It affects your dexterity (-5).
   rElec:     It insulates you from electricity.
   rPois:     It protects you from poison.
Jewellery
 u - a ring of resist corrosion (left hand)
 w - a +6 ring of intelligence
Wands
 x - a wand of digging (2)
Scrolls
 e - a scroll of amnesia {unknown}
 g - 2 scrolls of vulnerability {unknown}
 h - a scroll of blinking {unknown}
 j - 2 scrolls of butterflies {unknown}
 k - a scroll of enchant weapon {unknown}
 n - 4 scrolls of poison {unknown}
 o - 5 scrolls of identify {unknown}
 q - a scroll of enchant armour {unknown}
 t - 2 scrolls of torment {unknown}
Potions
 d - a potion of degeneration {unknown}
 f - 4 potions of heal wounds {unknown}
 i - a potion of cancellation {unknown}
 l - 5 potions of attraction {unknown}
 m - 3 potions of curing {unknown}
 s - a potion of brilliance {unknown}
 v - 2 potions of haste {unknown}
 z - a potion of flight {unknown}


   Skills:
 + Level 5.1 Fighting
 * Level 5.5 Maces & Flails
 + Level 5.1 Armour
 + Level 6.2 Shields


You had 6 spell levels left.
You didn't know any spells.
Your spell library contained the following spells:

 Spells                   Type           Power      Damage    Failure   Level
 Foxfire                  Conj/Fire      0%         2x1d4     95%         1
 Inner Flame              Hex/Fire       0%         N/A       100%        3
 Kindle Blastsparks       Fire/Tloc/Air  0%         2d10      100%        3
 Flame Wave               Conj/Fire      0%         2d4       100%        4


Dungeon Overview and Level Annotations

Branches:
Dungeon (6/15)
 Temple: D:4-7

Altars:
Ashenzari
Cheibriados
Gozag
Makhleb
Ru
Uskayaw
Zin
The Shining One


Innate Abilities, Weirdness & Mutations

You cannot be hasted, slowed, berserked, paralysed or teleported.
You can dig through walls and to a lower floor.
You have a pair of large antennae on your head. (SInv)
Your four strong arms can wield two-handed weapons with a shield.


Message History

You block the hound's attack.
You slash the hound!
The hound is almost dead.
The hound bites you but does no damage. x2; You block the hound's attack.
You closely miss the hound.
The hound is almost dead.
The hound bites you but does no damage. The hound closely misses you.
You hit the hound.
You kill the hound!
HP restored.
There is an open door here.
There is a burning altar of Makhleb here.
You now have 165 gold pieces (gained 5).
There is an open door here.
Found a club.
The ogre shouts!
You barely miss the ogre. The ogre closely misses you.
You slash the ogre!
The ogre is moderately wounded.
The ogre hits you but does no damage.
You barely miss the ogre.
The ogre is moderately wounded.
The ogre hits you with a +0 giant club!
You slash the ogre!
The ogre is almost dead.
The ogre hits you with a +0 giant club!
You barely miss the ogre.
The ogre is almost dead.
The ogre hits you but does no damage.
You barely miss the ogre.
The ogre is almost dead.
The ogre hits you with a +0 giant club! The ogre barely misses you.
You hit the ogre.
The ogre is almost dead.
The ogre hits you with a +0 giant club!
* * * LOW HITPOINT WARNING * * *
You barely miss the ogre.
The ogre is almost dead.
The ogre hits you with a +0 giant club!!
You die...

...#............ ................
... ................#..
...................
........>.........#
.#..............).#####
###.........##........##
##.............#.O......
......###.#...##@# ..# .#.##.#
#.......##### ... ####
..###.###.......##...##)##...##
.####..#........#.8.8.#.#.8.8.#
....#...........#.._..#.#.._..#
#...............#.8...#.#...8.#
#...##..........##[..'#.#'...#
#..####..........#####...#####..#
#.###[.......#.........⌠........#


You could see an ogre.

Vanquished Creatures
  A water moccasin (D:4)
  A black bear (D:4)
  An ice beast (D:5)
  An ogre (D:4)
  2 scorpions (D:4)
  2 hounds
  An iron imp (D:3)
  2 adders
  2 white imps (D:5)
  5 dart slugs
  2 endoplasms
  9 goblins
  8 hobgoblins
  4 quokkas
  6 ball pythons
  5 bats
  15 frilled lizards
  11 kobolds
  6 rats
84 creatures vanquished.

Vanquished Creatures (others)
  7 plants (D:1)
7 creatures vanquished.

Grand Total: 91 creatures vanquished

Notes
Turn   | Place    | Note
-------+----------+-------------------------------------------
     0 | D:1      | Dreamer the Formicid Fighter began the quest for the Orb.
     0 | D:1      | Reached XP level 1. HP: 18/18 MP: 1/1
    86 | D:1      | Reached XP level 2. HP: 15/24 MP: 2/2
   464 | D:1      | Reached XP level 3. HP: 29/29 MP: 3/3
  1691 | D:3      | Reached XP level 4. HP: 37/37 MP: 4/4
  1781 | D:3      | Found a snail-covered altar of Cheibriados.
  1795 | D:3      | Found a faded altar of an unknown god.
  2032 | D:3      | Reached XP level 5. HP: 41/42 MP: 5/5
  2067 | D:3      | Identified the +0 chain mail "Ruejimm" {rElec rPois Str+7
                  | Dex-5}
  2100 | D:3      | Found a glowing silver altar of Zin.
  2101 | D:3      | Found an opulent altar of Gozag.
  2101 | D:3      | You fall into a shaft and drop 3 floors!
  2113 | D:5      | Entered Level 5 of the Dungeon
  2133 | D:5      | Noticed an ogre
  2135 | D:5      | Noticed an ice beast
  2180 | D:4      | Reached skill level 5 in Shields
  2455 | D:4      | Found a hide-covered altar of Uskayaw.
  2455 | D:4      | Noticed a +0 dagger
  2456 | D:4      | Noticed a +0 spear
  2463 | D:4      | Noticed a +0 short sword
  2463 | D:4      | Noticed a +0 falchion
  2464 | D:4      | Noticed a +0 dagger
  2464 | D:4      | Noticed a +0 spear
  2464 | D:4      | Noticed a +0 falchion
  2465 | D:4      | Noticed a +0 short sword
  2474 | D:4      | Noticed an ogre
  2542 | D:4      | Reached XP level 6. HP: 46/48 MP: 6/6
  2764 | D:4      | Noticed an ogre
  2796 | D:4      | Noticed a water moccasin
  2822 | D:4      | Killed a water moccasin
  3179 | D:4      | Noticed a black bear
  3193 | D:4      | Reached XP level 7. HP: 55/55 MP: 7/7
  3641 | D:4      | Reached skill level 5 in Maces & Flails
  3641 | D:4      | Reached skill level 6 in Shields
  4013 | D:5      | Reached skill level 5 in Fighting
  4013 | D:5      | Reached skill level 5 in Armour
  4143 | D:5      | Found a burning altar of Makhleb.
  4143 | D:5      | Found a sacrificial altar of Ru.
  4143 | D:5      | Found a broken altar of Ashenzari.
  4143 | D:5      | Found a glowing golden altar of the Shining One.
  4252 | D:5      | Mangled by an ogre

Illustrated notes

Levels and vault maps discovered:
D:1:      dpeg_arrival_tiny_f, layout_basic, minmay_misc_feat_pillars,
          amcnicky_mini_corridor_feature, minmay_lizard_king
D:2:      layout_loops_ring
D:3:      layout_rooms, slow_altar_1, grunt_temple_overflow_gold_and_silver,
          ebering_ecumenical_altar_rust
D:4:      layout_rooms, nicolae_uskayaw_en_pointe, kennysheep_generic_room_10
D:5:      layout_cave_pools, grunt_temple_overflow_cloverleaf,
          nicolae_shop_i_like_big_books
D:6:      layout_rooms, minmay_temple_entry_offerings,
          chequers_serial_rivers_large_a

Skill      XL: |  1  2  3  4  5  6  7 |
---------------+----------------------+-----
Maces & Flails | 3 4 5 |  5.5
Fighting       | 4 5 |  5.1
Armour         | 4 5 |  5.1
Shields        | 5 6 |  6.2

Action                   |  1- 3 |  4- 6 |  7- 9 || total
-------------------------+-------+-------+-------++-------
Melee: Flail             |   121 |   105 |     6 ||   232
       Battleaxe         |       |       |    39 ||    39
  Use: Potion            |       |     1 |       ||     1
Armor: Scale mail        |    60 |    23 |       ||    83
       Chain mail        |       |    43 |    27 ||    70
Dodge: Dodged            |    50 |    62 |    17 ||   129
Block: Buckler           |    37 |    31 |    10 ||    78
